Map: Jagannatha LE

Players

Cham - Winner!

  • Race: Zerg Zerg
  • League: Grandmaster
  • Spawn Location: 7:00

Erik

  • Race: Zerg Zerg
  • Spawn Location: 1:00

Event: DreamHack SC2 Masters 2020 Winter

VOD

Have the link to the VOD?

Description

Time

  • Played on: Oct. 24, 2020, 4:02 p.m.
  • Length: 14:59

All games in this series

Show
View Real Time Build Order
Export as new Build Order

Cham Zerg - Winner!

Build Orders: Hatch First, Lurkers 

Get SALT Encoding   

  12  0:00  Drone  
  13  0:08  Drone  
  14  0:17  Overlord  
  14  0:35  Drone x2  
  16  0:47  Hatchery  
  15  0:51  Drone  
  15  0:54  Drone  
  17  0:58  Drone  
  18  1:08  Extractor  
  17  1:13  Spawning Pool  
  17  1:17  Drone  
  17  1:20  Drone  
  18  1:29  Drone  
  19  1:40  Drone  
  20  1:50  Overlord  
  20  1:59  Queen  
  20  2:00  Queen  
  20  2:01  Zergling x2  
  25  2:04  Drone  
  26  2:10  Drone  
  26  2:12  Drone, Metabolic Boost  
  28  2:21  Drone  
  29  2:25  Drone  
  30  2:35  Hatchery  
  29  2:42  Baneling Nest  
  28  2:46  Zergling x4  
  28  2:48  Zergling x2  
  30  2:52  Zergling x2  
  30  2:57  Overlord  
  31  2:58  Drone  
  32  3:08  Zergling x4  
  34  3:13  Drone x2  
  34  3:15  Overlord  
  36  3:23  Lair  
  36  3:24  Zergling x2  
  37  3:28  Zergling x4  
  37  3:32  Zergling x4  
  41  3:38  Baneling x2  
  41  3:39  Drone  
  42  3:41  Extractor  
  42  3:42  Drone x2  
  42  3:47  Drone  
  43  3:50  Drone  
  43  3:51  Drone  
  43  3:53  Drone  
  46  4:03  Drone x3  
  46  4:06  Overlord  
  49  4:12  Drone x5  
  49  4:16  Drone x2  
  54  4:25  Drone x2  
  54  4:31  Drone, Spire  
  55  4:32  Extractor  
  55  4:33  Extractor  
  53  4:45  Drone x4  
  54  4:46  Drone x2  
  54  4:48  Queen  
  54  4:50  Baneling  
  59  4:56  Zergling x10  
  59  4:57  Zergling x2  
  59  4:58  Zergling x4  
  64  5:03  Overlord  
  64  5:04  Zergling x2  
  64  5:06  Baneling  
  65  5:07  Zergling x2  
  66  5:21  Overlord x4  
  66  5:24  Overlord  
  66  5:25  Zergling x2  
  66  5:26  Baneling x2  
  65  5:39  Overlord  
  65  5:48  Mutalisk x5  
  72  6:02  Mutalisk x2  
  73  6:08  Drone, Zergling x2  
  73  6:09  Zergling x12  
  73  6:10  Baneling x2  
  79  6:14  Overlord  
  79  6:15  Mutalisk  
  79  6:17  Zergling x4  
  82  6:21  Spine Crawler  
  82  6:22  Zergling x2, Spine Crawler  
  82  6:24  Mutalisk  
  83  6:26  Zergling x2  
  83  6:32  Zergling x2  
  84  6:39  Mutalisk, Zergling x2  
  87  6:46  Mutalisk  
  86  6:47  Zergling x2  
  86  6:48  Zergling x2  
  86  6:49  Zergling x4  
  86  6:53  Mutalisk  
  88  6:54  Zergling x4  
  88  7:00  Zergling x6  
  92  7:04  Mutalisk  
  92  7:05  Zergling x4  
  95  7:10  Drone  
  95  7:12  Drone x4  
  100  7:15  Drone  
  100  7:17  Drone x2  
  99  7:24  Drone x2  
  99  7:25  Baneling x2  
  99  7:26  Drone x2  
  99  7:29  Evolution Chamber, Overlord  
  101  7:30  Drone, Evolution Chamber  
  99  7:38  Drone x2  
  97  7:48  Mutalisk x4  
  97  7:49  Zergling x8  
  104  7:55  Mutalisk  
  104  7:56  Drone, Zergling x2  
  107  7:58  Drone  
  107  8:01  Extractor  
  107  8:02  Extractor  
  107  8:04  Drone  
  106  8:07  Drone  
  106  8:11  Baneling  
  106  8:12  Baneling  
  107  8:13  Hatchery  
  107  8:17  Overlord  
  107  8:18  Zergling x12  
  110  8:21  Zerg Melee Weapons Level 1, Zerg Ground Armor Level 1  
  106  8:27  Zergling x2  
  106  8:33  Mutalisk, Zergling x2  
  106  8:34  Zergling x4  
  112  8:45  Drone x3  
  112  8:46  Drone x4  
  104  8:49  Drone  
  104  8:55  Drone  
  104  8:56  Drone x4  
  104  9:00  Drone  
  110  9:04  Infestation Pit  
  110  9:06  Mutalisk x2  
  105  9:12  Drone  
  104  9:18  Hatchery, Zergling x4  
  104  9:23  Drone  
  105  9:25  Drone, Hydralisk Den  
  105  9:26  Zergling x2  
  106  9:34  Zergling x2  
  106  9:36  Zergling x2  
  106  9:37  Baneling x2, Zergling x2  
  109  9:50  Zergling x2  
  109  9:51  Zergling x6  
  109  9:52  Hive  
  109  9:54  Overlord, Grooved Spines  
  109  9:56  Drone, Hydralisk x2  
  109  9:57  Hydralisk  
  109  9:59  Lurker Den  
  115  10:01  Hydralisk x3  
  115  10:05  Overlord  
  121  10:12  Drone x3  
  121  10:13  Drone x3  
  122  10:25  Drone x2  
  122  10:26  Drone x3  
  127  10:29  Zerg Missile Weapons Level 1  
  127  10:31  Zerg Ground Armor Level 2  
  127  10:33  Drone  
  128  10:36  Drone x2  
  128  10:41  Extractor  
  128  10:42  Extractor  
  128  10:44  Drone x3  
  128  10:45  Drone x2  
  133  10:52  Overlord  
  133  10:56  Drone  
  134  10:57  Lurker x2, Roach Warren  
  134  10:58  Lurker x3  
  134  11:00  Drone  
  134  11:01  Drone  
  140  11:05  Muscular Augments  
  140  11:06  Lurker  
  141  11:13  Hatchery  
  141  11:15  Adaptive Talons  
  140  11:23  Drone  
  140  11:24  Drone x7  
  148  11:27  Overlord  
  148  11:36  Baneling  
  148  11:37  Baneling x7  
  148  11:38  Overlord x2  
  148  11:46  Viper x3  
  156  11:55  Adrenal Glands  
  156  12:00  Drone x14  
  167  12:02  Extractor  
  167  12:03  Extractor  
  167  12:04  Glial Reconstitution  
  167  12:08  Drone, Spore Crawler  
  164  12:09  Drone x3, Spore Crawler  
  164  12:12  Seismic Spines, Spine Crawler  
  164  12:13  Spine Crawler  
  165  12:18  Pneumatized Carapace, Overseer x2  
  165  12:21  Drone x3  
  165  12:22  Drone  
  169  12:26  Spore Crawler  
  169  12:27  Spore Crawler  
  167  12:35  Spine Crawler  
  166  12:50  Hydralisk  
  166  12:51  Hydralisk x7  
  168  12:58  Drone x3  
  183  13:00  Hydralisk  
  183  13:05  Overlord, Hydralisk x2  
  187  13:07  Hydralisk  
  187  13:08  Hydralisk  
  187  13:10  Overlord  
  195  13:12  Hydralisk  
  195  13:20  Hydralisk x3  
  195  13:21  Hydralisk  
  195  13:25  Hatchery  
  195  13:26  Drone x2  
  198  13:28  Spine Crawler, Hydralisk  
  198  13:30  Spine Crawler  
  190  13:48  Overseer  
  180  13:59  Hydralisk x10  
  180  14:02  Viper x2  
  196  14:20  Lurker x2  
  196  14:21  Lurker, Overseer  
Show
View Real Time Build Order
Export as new Build Order

Erik Zerg 

Build Orders: Hatch First, Lurkers 

Get SALT Encoding   

  12  0:00  Drone  
  13  0:08  Drone  
  14  0:14  Extractor  
  14  0:15  Drone  
  15  0:36  Hatchery  
  15  0:41  Extractor  
  13  0:43  Drone  
  13  0:49  Overlord  
  15  1:04  Spawning Pool  
  15  1:08  Drone  
  15  1:11  Drone  
  15  1:14  Drone  
  17  1:19  Drone  
  18  1:28  Extractor  
  18  1:29  Drone  
  18  1:40  Drone  
  19  1:50  Queen x2  
  19  1:51  Drone  
  19  1:52  Drone  
  25  1:59  Drone  
  26  2:02  Overlord  
  26  2:10  Drone  
  26  2:13  Drone  
  28  2:21  Drone  
  29  2:25  Drone  
  29  2:28  Queen  
  32  2:31  Metabolic Boost  
  32  2:34  Overlord  
  32  2:36  Drone  
  33  2:43  Drone  
  34  2:46  Drone  
  35  2:52  Baneling Nest  
  35  2:53  Drone  
  35  3:00  Drone x5  
  35  3:03  Drone  
  35  3:05  Zergling x2  
  42  3:13  Zergling x4  
  42  3:18  Overlord  
  44  3:20  Overlord  
  44  3:27  Extractor  
  43  3:34  Evolution Chamber  
  43  3:36  Baneling x2  
  43  3:37  Baneling  
  43  3:38  Baneling  
  43  3:39  Zergling x4  
  43  3:40  Drone x5  
  49  3:47  Drone  
  49  3:53  Extractor  
  48  4:04  Zergling x6  
  48  4:06  Zerg Missile Weapons Level 1  
  48  4:07  Drone x3  
  54  4:12  Hatchery  
  54  4:13  Roach Warren  
  52  4:23  Drone  
  52  4:24  Drone x2  
  53  4:25  Lair  
  53  4:30  Drone x2  
  55  4:31  Drone x2  
  57  4:38  Extractor  
  57  4:43  Hatchery  
  57  4:45  Drone x2  
  57  4:53  Extractor  
  55  5:00  Drone x2  
  55  5:05  Drone x2  
  59  5:07  Overlord x3  
  59  5:16  Drone x2  
  59  5:17  Baneling x2  
  59  5:24  Glial Reconstitution  
  59  5:26  Zergling x2  
  59  5:27  Zergling x4  
  62  5:29  Roach  
  64  5:39  Roach x6  
  75  5:47  Baneling  
  75  5:48  Baneling x4  
  75  5:52  Queen x2  
  70  5:57  Drone x4  
  70  6:02  Drone x3  
  76  6:05  Drone  
  76  6:08  Drone x3  
  76  6:10  Drone  
  77  6:23  Hatchery  
  77  6:25  Hydralisk Den  
  75  6:29  Queen x2  
  70  6:32  Spore Crawler  
  70  6:35  Spore Crawler, Overlord  
  70  6:36  Overlord x2  
  70  6:37  Zerg Ground Armor Level 1  
  68  6:40  Evolution Chamber  
  68  6:43  Spore Crawler  
  68  6:46  Spore Crawler  
  65  6:47  Drone x2  
  65  6:49  Overlord  
  65  6:55  Zergling x6  
  62  7:05  Queen, Zergling x2  
  62  7:06  Zergling x8  
  61  7:12  Zergling x2  
  61  7:13  Zergling x4  
  61  7:14  Zerg Melee Weapons Level 1  
  63  7:24  Zergling x2  
  63  7:25  Queen, Zergling x2  
  63  7:28  Drone  
  63  7:29  Drone  
  67  7:41  Queen  
  64  7:50  Zergling x2  
  64  7:51  Hatchery, Zergling x8  
  66  7:54  Hatchery  
  66  7:58  Zergling x4  
  66  8:01  Queen, Zergling x2  
  71  8:16  Queen, Zergling x2  
  71  8:17  Lurker Den, Zergling x4  
  71  8:19  Baneling x7  
  70  8:30  Overlord x2  
  64  8:50  Lurker Den  
  64  8:53  Hydralisk x5  
  64  8:54  Hydralisk x2  
  75  9:01  Queen x2  
  77  9:14  Zergling x2  
  77  9:15  Zergling x2  
  76  9:20  Lurker  
  76  9:21  Lurker x6  
  83  9:27  Hatchery  
  81  9:33  Spore Crawler  
  81  9:34  Spore Crawler  
  79  9:39  Spore Crawler x2  
  79  9:42  Queen  
  79  9:50  Hatchery  
  79  9:51  Baneling x4  
  79  9:56  Zergling x4  
  79  9:57  Zergling x4  
  82  10:07  Zerg Melee Weapons Level 2  
  82  10:13  Infestation Pit  
  80  10:14  Drone x2  
  80  10:23  Drone x4  
  84  10:29  Spore Crawler  
  84  10:32  Drone  
  84  10:34  Overlord  
  81  10:45  Extractor  
  81  10:46  Extractor x2  
  81  10:47  Overlord  
  78  10:51  Zergling x6  
  80  10:58  Hive  
  80  11:03  Drone x2  
  82  11:08  Drone x2  
  84  11:12  Drone  
  84  11:15  Drone  
  86  11:21  Drone x3  
  86  11:24  Drone x2  
  91  11:26  Drone  
  91  11:27  Overseer  
  92  11:44  Zergling x10  
  97  11:51  Zergling x2  
  97  11:56  Baneling x3  
  95  12:05  Overlord x3  
  93  12:11  Viper  
  93  12:13  Overlord x2  
  93  12:14  Overlord  
  95  12:21  Extractor  
  94  12:23  Seismic Spines  
  94  12:30  Viper x2  
  94  12:32  Hatchery  
  94  12:36  Viper  
  100  12:37  Viper x3  
  109  12:46  Overseer  
  109  12:47  Pneumatized Carapace  
  109  12:48  Drone  
  109  12:49  Drone  
  111  12:52  Drone x4  
  111  12:53  Drone  
  116  13:10  Zergling x16  
  121  13:32  Extractor  
  120  13:36  Zergling x20  
  130  13:43  Hatchery  
  108  14:00  Hydralisk Den  
  100  14:12  Zergling x22  
  110  14:21  Baneling  
  110  14:22  Baneling x8  
  110  14:26  Zergling x8  
Tags
 
Add a new tag
Caveats
  • Supply blocks, unpowered buildings, or Contaminate may cause inaccurate times.
  • Supply counts are checked every 10 seconds.